 Dungeon Crawl Stone Soup version 0.19-a0-1717-gc7c1317 (webtiles) character file.

41 Flanowski the Insei (level 3, 0/17 HPs)
             Began as a Vine Stalker Transmuter on Sept 29, 2016.
             Slain by a hobgoblin (1 damage)
             ... on level 2 of the Dungeon.
             The game lasted 00:02:27 (893 turns).

Flanowski the Insei (Vine Stalker Transmuter)        Turns: 893, Time: 00:02:27

Health: 0/17       AC:  3    Str: 12    XL:     3   Next: 52%
Magic:  0/7        EV: 12    Int: 13    God:
Gold:   84         SH:  0    Dex: 15    Spells: 1 memorised, 6 levels left

rFire  . . .     SeeInvis .     o - -2 mace (curse)
rCold  . . .     Gourm    .     b - +0 robe
rNeg   . . .     Faith    .     (no shield)
rPois  .         Spirit   +     (no helmet)
rElec  .         Dismiss  .     (no cloak)
rCorr  .         Reflect  .     (no gloves)
MR     .....     Harm     .     (no boots)
Stlth  +.........               (no amulet)
                                (no ring)
                                (no ring)

@: very slightly contaminated
A: fangs 2, magic shield, antimagic bite, no device heal 3, rot immunity
a: no special abilities


You were on level 2 of the Dungeon.
You were not hungry.

You visited 1 branch of the dungeon, and saw 2 of its levels.

You collected 84 gold pieces.

Inventory:

Hand Weapons
 o - a cursed -2 mace (weapon)
Missiles
 a - 37 arrows
Armour
 b - a +0 robe (worn)
Potions
 e - 2 potions of lignification {unknown}
 g - 4 potions of curing {unknown}
 h - a potion of degeneration {unknown}
 i - a potion of cure mutation {unknown}
 n - a potion of flight {unknown}
Books
 c - a book of Changes

   Spells                             Type                      Level
   a - Beastly Appendage              Transmutation                1
   b - Sticks to Snakes               Transmutation                2
   c - Spider Form                    Transmutation/Poison         3
   d - Ice Form                       Ice/Transmutation            4
   e - Blade Hands                    Transmutation                5
Comestibles
 d - a bread ration
 f - 5 chunks of flesh
 j - 5 fruits
 k - a slice of pizza
 m - a royal jelly


   Skills:
 + Level 0.8 Fighting
 + Level 1.8 Dodging
 + Level 3.6 Unarmed Combat
 + Level 2.5 Spellcasting
 * Level 2.6 Transmutations


You had 6 spell levels left.
You knew the following spells:

 Your Spells              Type           Power        Failure   Level  Hunger
a - Beastly Appendage     Tmut           #.....       10%         1    #......


Dungeon Overview and Level Annotations

Branches:
Dungeon (2/15)

Altars:


Innate Abilities, Weirdness & Mutations

You have extremely sharp teeth.
When hurt, damage is shared between your health and your magic reserves.
Your bite disrupts and absorbs the magic of your enemies.
Potions and wands cannot restore your health.
You are immune to rotting.


Message History

You miscast Beastly Appendage.
You are very lightly contaminated with residual magic.
You smell something strange.
The hobgoblin hits you.
* * * LOW HITPOINT WARNING * * *
You are too injured to fight recklessly!
You are too injured to fight recklessly!
You are too injured to fight recklessly!
You are too injured to fight recklessly!
You are too injured to fight recklessly!
You barely miss the hobgoblin. The hobgoblin hits you.
* * * LOW HITPOINT WARNING * * *
The hobgoblin hits you.
* * * LOW HITPOINT WARNING * * *
You hit the hobgoblin but do no damage.
The hobgoblin hits you but does no damage.
You hit the hobgoblin but do no damage.
You bite the hobgoblin, but do no damage.
The hobgoblin hits you.
You die...

. ####..........
.##.....................
....##..................
##......................
#...#.##.............#
##.###.##.............#
.......##.............#
.....####.............#
.....####.......@g....#
................#######
................#
................#######
#####..................
#..................
#..................
#..................
#..................


You could see a hobgoblin.

Vanquished Creatures
  2 oozes (D:1)
  A dart slug (D:1)
  A bat (D:1)
  A giant cockroach (D:1)
  3 goblins (D:1)
  6 hobgoblins
  2 kobolds
  A quokka (D:2)
  5 frilled lizards
  8 rats
30 creatures vanquished.

Notes
Turn   | Place    | Note
-------+----------+-------------------------------------------
     0 | D:1      | Flanowski the Vine Stalker Transmuter began the quest for the Orb.
     0 | D:1      | Reached XP level 1. HP: 9/9 MP: 4/4
    62 | D:1      | Reached XP level 2. HP: 10/14 MP: 3/6
   339 | D:1      | Reached XP level 3. HP: 6/17 MP: 4/7
   893 | D:2      | Slain by a hobgoblin

Vault maps used:
D:1:      dpeg_arrival_rooms_a, corner_web_ring

Action                   || total
-------------------------++-------
Melee: Unarmed           ||    38
       Bite              ||    16
       Mace              ||    41
       Headbutt          ||     4
       Punch             ||     3
 Cast: Beastly Appendage ||    16
  Use: Scroll            ||     2
Armor: Robe              ||    18
Dodge: Dodged            ||    38
